 Seeded DCSS version 0.28-a0-48-gfd831c5874 (webtiles) character file.

Game seed: 345683587896838049 (custom seed)

2 flotson the Sneak (level 1, -1/18 HPs)
             Began as a Demonspawn Delver on July 29, 2021.
             Slain by an ufetubus (2 damage)
             ... on level 4 of the Dungeon.
             The game lasted 00:00:26 (136 turns).

flotson the Sneak (Demonspawn Delver)                Turns: 136, Time: 00:00:27

Health: -1/18      AC:  3    Str: 12    XL:     1   Next: 25%
Magic:  1/1        EV: 11    Int: 11    God:
Gold:   0          SH:  0    Dex: 14    Spells: 0/0 levels left

rFire   . . .      SeeInvis .   a - +0 hand axe
rCold   . . .      Faith    .   (no shield)
rNeg    . . .      Spirit   .   b - +0 leather armour
rPois   .          Reflect  .   (no helmet)
rElec   .          Harm     .   (no cloak)
rCorr   .          Rampage  .   (no gloves)
Will    .....                   (no boots)
Stlth   ++........              (no amulet)
HPRegen 0.06/turn               (no ring)
MPRegen 0.07/turn               (no ring)

@: hasted, very quick
A: no striking features
a: no special abilities


You were on level 4 of the Dungeon.
You visited 1 branch of the dungeon, and saw 2 of its levels.

Inventory:

Hand Weapons
 a - a +0 hand axe (weapon)
Armour
 b - a +0 leather armour (worn)
Wands
 g - a wand of digging (3)
Scrolls
 c - a scroll of fog
 d - a scroll of magic mapping
 e - a scroll of fear
Potions
 h - 2 potions of mutation {unknown}


   Skills:
 + Level 3.1 Fighting
 + Level 1.7 Axes
 + Level 1.7 Dodging
 + Level 4.5 Stealth


You couldn't memorise any spells.
You didn't know any spells.
Your spell library was empty.

Dungeon Overview and Level Annotations

Branches:
Dungeon (5/15)
 Temple: D:4-7

Altars:


Message History

The ufetubus hits you but does no damage.
The ufetubus misses you. The ufetubus hits you.
You closely miss the ufetubus. The ufetubus barely misses you.
The ufetubus misses you.
You miss the ufetubus. The ufetubus barely misses you.
The ufetubus hits you but does no damage.
The hound barks!
You hit the ufetubus.
The ufetubus is severely wounded.
The ufetubus misses you. The ufetubus closely misses you.
You barely miss the ufetubus.
The ufetubus is severely wounded.
The ufetubus barely misses you. The ufetubus closely misses you.
You miss the ufetubus.
The ufetubus is severely wounded.
The ufetubus closely misses you. The ufetubus hits you.
The ufetubus barely misses you.
The ufetubus hits you but does no damage.
You hit the ufetubus.
The ufetubus is almost dead.
The ufetubus closely misses you. The ufetubus misses you.
You barely miss the ufetubus.
The ufetubus is severely wounded.
The ufetubus hits you but does no damage.
The ufetubus hits you. The hound closely misses you.
You closely miss the ufetubus.
The ufetubus is severely wounded.
You miss the hound. The ufetubus closely misses you.
The ufetubus hits you but does no damage.
The hound bites you.
* * * LOW HITPOINT WARNING * * *
You hit the ufetubus but do no damage.
The ufetubus is severely wounded.
You closely miss the hound.
The ufetubus hits you but does no damage.
The ufetubus barely misses you. The hound closely misses you.
The ufetubus hits you.
* * * LOW HITPOINT WARNING * * *
The ufetubus hits you.
You die...

#)## #.# #.# ##.#
#..# ######..#
........#####
...........h###
.......>...5@.#
........#####...#
........# ##.#
........# #
........#
........#
........#
.........


You could see a hound and an ufetubus.

Vanquished Creatures
  An orc (D:4)
1 creature vanquished.

Notes
Turn   | Place    | Note
-------+----------+-------------------------------------------
     0 | D:5      | flotson the Demonspawn Delver began the quest for the Orb.
     0 | D:5      | Reached XP level 1. HP: 18/18 MP: 1/1
   121 | D:4      | Noticed a hound
   136 | D:4      | Slain by an ufetubus

Illustrated notes

Levels and vault maps discovered:
D:4:      layout_layer_cave, minmay_overflow_temple_star_hex,
          gammafunk_ghost_mausoleum, roderic_batcave, minmay_misc_feat_plants,
          uniq_natasha, uniq_grinder
D:5:      minmay_thinvault, layout_layer_cave, mainiacjoe_overflow_24_doors,
          st_stairs_1

Action                   || total
-------------------------++-------
Melee: Hand axe          ||    15
  Use: Potion            ||     1
Armor: Leather armour    ||     6
Dodge: Dodged            ||    19

Table legend: (Time is in decaauts)
 A = Elapsed time spent in this place.
 B = Non-inter-level travel time spent in this place.
 C = Inter-level travel time spent in this place.
 D = Time resting spent in this place.
 E = Time spent auto-exploring this place.
 F = Levels seen in this place.
 G = Mean time per level.
                   A        B        C        D        E       F      G
               +--------+--------+--------+--------+--------+-----+--------+
         Total |    135 |    135 |      0 |     80 |      0 |   2 |   67.5 |
       Dungeon |    135 |    135 |      0 |     80 |      0 |   2 |   67.5 |
               +--------+--------+--------+--------+--------+-----+--------+

Top non-repeatable levels by time:
     D:4: 120 daAuts
     D:5: 15 daAuts
